 Dungeon Crawl Stone Soup version 0.26.0-10-g1f06aea511 (webtiles) character file.

Game seed: 13890654590970868084

23 sanka the Covert (level 2, -13/28 HPs)
             Began as a Naga Delver on Jan 20, 2021.
             Mangled by Prince Ribbit (14 damage)
             ... on level 5 of the Dungeon.
             The game lasted 00:00:37 (141 turns).

sanka the Covert (Naga Delver)                       Turns: 141, Time: 00:00:37

Health: -13/28     AC:  2    Str: 14    XL:     2   Next: 95%
Magic:  2/2        EV:  9    Int: 10    God:
Gold:   43         SH:  0    Dex: 12    Spells: 1/1 levels left

rFire    . . .     SeeInvis +   a - +0 hand axe
rCold    . . .     Faith    .   (no shield)
rNeg     . . .     Spirit   .   b - +0 leather armour
rPois    +         Reflect  .   (no helmet)
rElec    .         Harm     .   (no cloak)
rCorr    .         Rampage  .   (no gloves)
Will     .....                  (no barding)
Stlth    +++.......             (no amulet)
HPRegen  0.09/turn              (no ring)
MPRegen  0.08/turn              (no ring)

@: short of breath, very slow
A: large, see invisible, deformed body, poison resistance, slowness 2, spit
poison 1, AC +0
a: Spit Poison


You were on level 5 of the Dungeon.
You visited 1 branch of the dungeon, and saw 1 of its levels.

You collected 43 gold pieces.


Innate Abilities, Weirdness & Mutations

You cannot wear boots.
Your serpentine skin is tough. (AC +0)
You have supernaturally acute eyesight. (SInv)
Armour fits poorly on your strangely shaped body.
Your system is resistant to poisons. (rPois)
You cover ground very slowly.
You can spit poison.


   Skills:
 + Level 3.2 Fighting
 + Level 2.3 Axes
 - Level 1.5 Dodging
 - Level 8.0 Stealth


You had one spell level left.
You didn't know any spells.
Your spell library was empty.

Inventory:

Hand Weapons
 a - a +0 hand axe (weapon)
Armour
 b - a +0 leather armour (worn)
Wands
 g - a wand of digging (3)
Scrolls
 c - a scroll of fog
 d - a scroll of magic mapping
 e - a scroll of fear
 h - 3 scrolls of identify {unknown}
Potions
 f - a potion of haste {@q3}

Dungeon Overview and Level Annotations

Branches:
Dungeon (5/15)
 Temple: D:4-7

Altars:
Gozag

Annotations:
D:5 Edmund, Prince Ribbit

▒. ▒.▒ ▒▒.▒▒▒.▒
▒▒▒▒...▒▒.▒▒▒▒▒
▒.............▒
..▒▒...▒▒.▒▒▒.▒
............▒▒.▒
....[.....▒..▒.▒
▒...▒▒▒▒.......▒
▒............FN▒
▒. ..▒▒▒.▒▒....▒
. ....(.....▒
▒.▒.▒▒▒.▒▒▒▒.▒▒▒
▒.▒.▒ ▒.........
▒ ▒@ ▒.▒▒▒▒▒▒▒.
▒.▒ ▒.▒▒▒▒▒▒▒
▒.......▒


You could see Prince Ribbit (poisoned).


Message History

The splash of poison hits Prince Ribbit.
Prince Ribbit is poisoned.
Prince Ribbit is lightly wounded.
Edmund the Younger comes into view.
He is wielding a +1 flail of protection.
Prince Ribbit blinks!
You have got your breath back.
Prince Ribbit looks more healthy.
Prince Ribbit blinks!
There is a stone staircase leading up here.
Use which ability? (? or * to list)
Aim: Prince Ribbit (lightly wounded)
The splash of poison hits Prince Ribbit.
Prince Ribbit is poisoned.
Prince Ribbit is lightly wounded.
Prince Ribbit hits you.
You slash Prince Ribbit!
Prince Ribbit is moderately wounded.
Prince Ribbit misses you.
You barely miss Prince Ribbit.
Prince Ribbit is moderately wounded.
Prince Ribbit hits you! Prince Ribbit hits you!
Ouch! That really hurt!
* * * LOW HITPOINT WARNING * * *
Okay, then.
You miss Prince Ribbit.
Prince Ribbit is moderately wounded.
Prince Ribbit hits you!
Ouch! That really hurt!
You die...

Action                   || total
-------------------------++-------
Melee: Hand axe          ||     3
 Abil: Spit Poison       ||     4
Dodge: Dodged            ||     1

Levels and vault maps discovered:
D:5:      layout_loops_ring, yredelemnul_altar_generic, old_standard_altar,
          xom_teletrap_fun, pdpol_wu_jian_five_deadly_venoms,
          grunt_gozag_breadcrumbs, lemuel_temple_firewalk_b,
          uniq_prince_ribbit1, uniq_grinder, uniq_edmund

Notes
Turn   | Place    | Note
-------+----------+-------------------------------------------
     0 | D:5      | sanka the Naga Delver began the quest for the Orb.
     0 | D:5      | Reached XP level 1. HP: 21/21 MP: 1/1
    14 | D:5      | Found an opulent altar of Gozag.
    97 | D:5      | Noticed a worker ant
   102 | D:5      | Killed a worker ant
   103 | D:5      | Reached skill level 8 in Stealth
   103 | D:5      | Reached XP level 2. HP: 28/28 MP: 2/2
   128 | D:5      | Noticed Prince Ribbit
   132 | D:5      | Noticed Edmund
   140 | D:5      | HP: 1/28 [Prince Ribbit (14)]
   141 | D:5      | Mangled by Prince Ribbit

Vanquished Creatures
  A worker ant (D:5)
1 creature vanquished.

Table legend: (Time is in decaauts)
 A = Elapsed time spent in this place.
 B = Non-inter-level travel time spent in this place.
 C = Inter-level travel time spent in this place.
 D = Time resting spent in this place.
 E = Time spent auto-exploring this place.
 F = Levels seen in this place.
 G = Mean time per level.
                   A        B        C        D        E       F      G
               +--------+--------+--------+--------+--------+-----+--------+
         Total |    190 |    190 |      0 |      0 |    162 |   1 |  190.0 |
       Dungeon |    190 |    190 |      0 |      0 |    162 |   1 |  190.0 |
               +--------+--------+--------+--------+--------+-----+--------+

Top non-repeatable levels by time:
     D:5: 190 daAuts
